 Dungeon Crawl Stone Soup version 0.30-a0-778-g2ef04afb54 (webtiles) character file.

Game seed: 1042698281076315383

2555 Smoke131 the Thrower (level 9, -2/81 HPs)
             Began as an Ogre Gladiator on Feb 15, 2023.
             Was a Believer of Okawaru.
             Succumbed to a scorpion's poison
             ... on level 6 of the Dungeon.
             The game lasted 00:23:00 (8863 turns).

Smoke131 the Thrower (Ogre Gladiator)               Turns: 8863, Time: 00:23:01

Health: -2/81      AC:  4    Str: 20    XL:     9   Next: 56%
Magic:  14/14      EV:  1    Int:  9    God:    Okawaru [**....]
Gold:   275        SH:  0    Dex: -1 (20) Spells: 8/8 levels left

rFire   . . .      SeeInvis .    f - +2 spear (flame)
rCold   . . .      Faith    .    (no shield)
rNeg    . . .      Spirit   .    b - +0 robe
rPois   .          Reflect  .    c - +1 hat
rElec   .          Harm     .    (no cloak)
rCorr   .          Rampage  .    (gloves unavailable)
Will    .....                    (boots unavailable) Stlth
                                 (no amulet)
HPRegen 0.33/turn                A - +4 ring of slaying
MPRegen 0.14/turn                p - +6 ring of dexterity

@: lethally poisoned (-2 -> -24), slowed, lost dexterity, very slow
A: large, unfitting armour, tough skin 1
a: Renounce Religion, Heroism


You were on level 6 of the Dungeon.
You worshipped Okawaru.
Okawaru was pleased with you.
You visited 1 branch of the dungeon, and saw 7 of its levels.
You also visited: Ossuary.

You collected 461 gold pieces.
You spent 186 gold pieces at shops.

Inventory:

Hand Weapons
 f - a +2 spear of flaming (weapon)
 y - a +0 dagger of holy wrath
Missiles
 d - 3 throwing nets
 k - 56 stones
 o - 17 poisoned darts
 t - a silver boomerang
Armour
 b - a +0 robe (worn)
 c - a +1 hat (worn)
Jewellery
 p - a +6 ring of dexterity (right hand)
 x - a +6 ring of intelligence
 A - a +4 ring of slaying (left hand)
Wands
 q - a wand of digging (8)
 r - a wand of roots (5)
Scrolls
 a - a scroll of amnesia (quivered)
 i - a scroll of enchant armour
 j - 2 scrolls of immolation
 l - a scroll of teleportation
 n - a scroll of fog {unknown}
 s - 2 scrolls of identify
 v - a scroll of acquirement {unknown}
 w - a scroll of poison
 D - a scroll of magic mapping
Potions
 e - a potion of ambrosia
 g - 2 potions of might
 h - 4 potions of flight
 m - 2 potions of mutation
 u - 2 potions of curing
 z - 3 potions of attraction
 B - 2 potions of brilliance


   Skills:
 - Level 3.0 Fighting
 - Level 3.0 Axes
 + Level 10.8 Throwing
 - Level 3.0 Dodging
 + Level 7.2 Invocations


You had 8 spell levels left.
You didn't know any spells.
Your spell library contained the following spells:

 Spells                   Type           Power      Damage    Failure   Level
 Lesser Beckoning         Tloc           0%         N/A       52%         2
 Passwall                 Tmut/Erth      0%         N/A       52%         2
 Gell's Gravitas          Tloc           0%         N/A       77%         3
 Teleport Other           Tloc           0%         N/A       77%         3
 Chain Lightning          Conj/Air       0%         N/A       100%        9
 Fire Storm               Conj/Fire      0%         5d1       100%        9
 Shatter                  Erth           0%         3d5*      100%        9
 Call Imp                 Summ           Unusable   N/A       N/A         2
 Monstrous Menagerie      Summ           Unusable   N/A       N/A         7
 Summon Hydra             Summ           Unusable   N/A       N/A         7

Dungeon Overview and Level Annotations

Branches:
Dungeon (7/15)            Ossuary (visited)
 Temple: D:4-7

Altars:
Okawaru
Uskayaw
Wu Jian

Shops:
D:3 ?


Innate Abilities, Weirdness & Mutations

You are too large for most types of armour.
You have tough skin. (AC +1)


Message History

You barely miss the scorpion.
The scorpion is severely wounded.
You feel extremely sick. The scorpion stings you.
* * * LOW HITPOINT WARNING * * *
The kobold completely misses you. The scorpion stings you.
* * * LOW HITPOINT WARNING * * *
You are lethally poisoned!
The scorpion poisons you!
The kobold hits you with a +0 short sword.
* * * LOW HITPOINT WARNING * * *
You feel better. The scorpion stings you.
You are poisoned.
The scorpion poisons you! The kobold hits you but does no damage.
The scorpion barely misses you.
You feel better. The kobold hits you but does no damage.
The scorpion stings you. The kobold hits you but does no damage.
The scorpion stings you but does no damage.
You closely miss the scorpion.
The scorpion is severely wounded.
The scorpion stings you.
The kobold hits you with a +0 short sword.
* * * LOW HITPOINT WARNING * * *
The scorpion stings you but does no damage.
You closely miss the scorpion.
The scorpion is severely wounded.
The kobold hits you with a +0 short sword.
* * * LOW HITPOINT WARNING * * *
The scorpion stings you.
* * * LOW HITPOINT WARNING * * *
The kobold hits you but does no damage. The kobold hits you but does no damage.
The scorpion stings you.
* * * LOW HITPOINT WARNING * * *
You are lethally poisoned!
The scorpion poisons you! The scorpion attacks as you move away!
The scorpion stings you.
* * * LOW HITPOINT WARNING * * *
You are more poisoned.
The scorpion poisons you!
You die...

####....###...###...........#
###...##....##............
#....#....##..........#.
#......#..##..........#<
##.....#..............#.
#....................#.
####...#.#####.........
###.#..###.........#
##.@.....###.......#
#..K....###........#
##.)s).## ##........
#....)..# ##.##.....
#.......# #.......>.
##.#....# ##........ ####...#
##....... ##..# ###.....
#..[# #.......


You could see a scorpion and a kobold.

Vanquished Creatures
  The ghost of Tollund the Conjurer, a novice DsCj (D:6)
  Grinder (D:5)
  Menkaure (D:5)
  3 ogres
  A kobold brigand (D:6)
  4 elf zombies (Ossuary)
  A scorpion (D:5)
  A howler monkey (D:6)
  3 centaur zombies (Ossuary)
  6 hounds
  3 quasits (D:6)
  3 jellies
  5 human zombies (Ossuary)
  A gnoll bouda (D:2)
  2 orc priests (D:3)
  An iguana (D:5)
  Natasha (thrice) (D:2)
  6 orc wizards
  3 mummies (Ossuary)
  Robin (D:2)
  5 adders
  3 gnolls
  A shadow imp (D:5)
  2 worms
  7 orcs
  An endoplasm (D:4)
  2 giant cockroaches
  27 goblins
  11 hobgoblins
  7 jackals
  6 kobolds
  2 quokkas
  5 ball pythons
  6 bats
  2 frilled lizards
  4 rats
141 creatures vanquished.

Notes
Turn   | Place    | Note
-------+----------+-------------------------------------------
     0 | D:1      | Smoke131 the Ogre Gladiator began the quest for the Orb.
     0 | D:1      | Reached XP level 1. HP: 22/22 MP: 1/1
   152 | D:1      | Reached XP level 2. HP: 31/31 MP: 2/2
   222 | D:1      | Found a faded altar of an unknown god.
   625 | D:2      | Reached XP level 3. HP: 37/37 MP: 3/3
   660 | D:2      | Reached skill level 3 in Throwing
   935 | D:2      | Noticed Natasha
   952 | D:2      | Killed Natasha
   953 | D:2      | Reached skill level 4 in Throwing
   953 | D:2      | Reached XP level 4. HP: 45/45 MP: 4/4
  1103 | D:2      | Noticed Natasha
  1133 | D:2      | Killed Natasha
  1140 | D:2      | Noticed Natasha
  1151 | D:2      | Killed Natasha
  1152 | D:2      | Reached XP level 5. HP: 16/53 MP: 5/5
  1339 | D:2      | Noticed Robin
  1370 | D:2      | Killed Robin
  1371 | D:2      | Reached skill level 5 in Throwing
  2266 | D:2      | Reached XP level 6. HP: 20/61 MP: 6/6
  2492 | D:3      | Found Iprag's Magic Scroll Emporium.
  2541 | D:3      | Reached skill level 6 in Throwing
  3351 | D:3      | Bought a scroll of identify for 24 gold pieces
  3351 | D:3      | Bought a scroll of identify for 24 gold pieces
  3351 | D:3      | Bought a scroll of magic mapping for 90 gold pieces
  3351 | D:3      | Bought a scroll of identify for 24 gold pieces
  3351 | D:3      | Bought a scroll of identify for 24 gold pieces
  3586 | D:4      | Reached skill level 7 in Throwing
  3625 | D:4      | Reached XP level 7. HP: 59/67 MP: 7/7
  4237 | D:4      | Reached skill level 8 in Throwing
  4587 | D:4      | Found a hide-covered altar of Uskayaw.
  4590 | D:4      | Found an iron altar of Okawaru.
  4591 | D:4      | Found an ornate altar of the Wu Jian Council.
  4595 | D:4      | Became a worshipper of Warmaster Okawaru
  4703 | D:5      | Entered Level 5 of the Dungeon
  4736 | D:5      | Found a sand-covered staircase.
  4745 | Ossuary  | Entered an ossuary
  4814 | Ossuary  | Reached skill level 1 in Invocations
  4822 | Ossuary  | Reached XP level 8. HP: 63/75 MP: 7/9
  4984 | Ossuary  | Reached skill level 9 in Throwing
  5158 | Ossuary  | Reached * piety under Okawaru
  5645 | D:5      | Noticed Menkaure
  5648 | D:5      | Killed Menkaure
  5649 | D:5      | Reached skill level 5 in Invocations
  6208 | D:5      | Noticed Grinder
  6220 | D:5      | Killed Grinder
  6220 | D:5      | Reached ** piety under Okawaru
  6221 | D:5      | Reached skill level 10 in Throwing
  6221 | D:5      | Reached XP level 9. HP: 69/81 MP: 11/13
  6767 | D:6      | Noticed Tollund's ghost (novice DsCj)
  6777 | D:6      | Found a transporter.
  7172 | D:6      | Got the Parchment of Lithic Attendants
  7199 | D:6      | Identified the +4 dagger "Dosah" {holy, rElec Int-4 Dex+2}
  7332 | D:6      | Killed Tollund's ghost
  7339 | D:6      | Found a transporter.
  7563 | D:6      | Lost dexterity.
  8863 | D:6      | Succumbed to a scorpion's poison

Illustrated notes

Levels and vault maps discovered:
D:1:      matt_arrival_los_fun, layout_rooms,
          hellmonk_ecumenical_altar_inner_sanctum
D:2:      kennysheep_the_goblin_king, layout_basic, serial_corexii_hall,
          corexii_hall_statues_x, corexii_hall_statues_i,
          chequers_hall_statues_corner_a, chequers_arboretum, uniq_robin,
          uniq_natasha
D:3:      cheibrodos_greedy_goblins, layout_basic, serial_shops,
          nicolae_shop_trees
D:4:      layout_cave_pods, minitemple, minmay_a_box_with_orc_wizards_in_it
D:5:      layout_basic, nicolae_ossuary_entry_monument, uniq_menkaure,
          uniq_grinder
D:6:      layout_cave_pools, gammafunk_ghost_stat_death
D:7:      layout_loops_cross, minmay_temple_entry_from_below_a,
          minmay_unpleasant_kobolds

Skill      XL: |  1  2  3  4  5  6  7  8  9 |
---------------+----------------------------+-----
Fighting       | 3 |  3.0
Dodging        | 3 |  3.0
Throwing       | 4 5 7 8 10 | 10.8
Invocations    | 1 5 7 |  7.2
Axes           | |  3.0

Action                     |  1- 3 |  4- 6 |  7- 9 || total
---------------------------+-------+-------+-------++-------
  Melee: War axe           |    59 |    86 |       ||   145
         Punch             |     2 |     1 |     6 ||     9
         Spear             |       |   103 |   281 ||   384
         Dagger            |       |       |    16 ||    16
  Throw: Dart              |     6 |    15 |     9 ||    30
         Large rock        |       |     1 |     2 ||     3
         Boomerang         |       |       |     8 ||     8
 Invoke: Heroism           |       |       |     1 ||     1
    Use: Potion            |       |     1 |     6 ||     7
         Scroll            |       |     8 |    11 ||    19
   Stab: Sleeping          |     1 |     1 |     1 ||     3
 Armour: Robe              |    14 |    52 |   181 ||   247
         Skin              |    16 |       |       ||    16
  Dodge: Dodged            |    25 |   115 |   178 ||   318

Table legend: (Time is in decaauts)
 A = Elapsed time spent in this place.
 B = Non-inter-level travel time spent in this place.
 C = Inter-level travel time spent in this place.
 D = Time resting spent in this place.
 E = Time spent auto-exploring this place.
 F = Levels seen in this place.
 G = Mean time per level.
                   A        B        C        D        E       F      G
               +--------+--------+--------+--------+--------+-----+--------+
         Total |   9556 |   9506 |     50 |   3839 |   3658 |   8 | 1194.5 |
       Dungeon |   8973 |   8923 |     50 |   3592 |   3546 |   7 | 1281.9 |
       Ossuary |    583 |    583 |      0 |    247 |    112 |   1 |  583.0 |
               +--------+--------+--------+--------+--------+-----+--------+

Top non-repeatable levels by time:
     D:6: 2649 daAuts
     D:2: 1957 daAuts
     D:5: 1514 daAuts
     D:4: 1222 daAuts
     D:3: 1072 daAuts
 Ossuary: 583 daAuts
     D:1: 522 daAuts
     D:7: 34 daAuts
